 Dungeon Crawl Stone Soup version 0.25.1-2-g60ff931df9 (webtiles) character file.

Game seed: 13621626060415196863

128 hawla the Ducker (level 4, -7/38 HPs)
             Began as a Minotaur Gladiator on Nov 1, 2020.
             Killed by divine providence
             ... invoked by an orc priest
              (13 damage)
             ... on level 3 of the Dungeon.
             The game lasted 00:04:21 (2198 turns).

hawla the Ducker (Minotaur Gladiator)               Turns: 2198, Time: 00:04:21

Health: -7/38      AC:  3    Str: 19    XL:     4   Next: 87%
Magic:  3/3        EV: 17    Int:  5    God:
Gold:   154        SH:  0    Dex: 12    Spells: 3/3 levels left

rFire    . . .     SeeInvis .   e - +2 dagger (vamp)
rCold    . . .     Gourm    .   (no shield)
rNeg     . . .     Faith    .   k - +0 leather armour
rPois    .         Spirit   .   c - +0 hat
rElec    .         Reflect  .   q - scarf {+Inv}
rCorr    .         Harm     .   (no gloves)
MR       .....                  (no boots)
Stlth    +.........             (no amulet)
HPRegen  0.12/turn              g - +4 ring of evasion
MPRegen  0.08/turn              (no ring)

@: no status effects
A: retaliatory headbutt, horns 2
a: Evoke Invisibility


You were on level 3 of the Dungeon.
You were not hungry.

You visited 1 branch of the dungeon, and saw 3 of its levels.

You collected 154 gold pieces.

Inventory:

Hand Weapons
 a - a +0 long sword
 e - a +2 vampiric dagger (weapon)
Missiles
 d - 2 throwing nets (quivered)
 p - 16 poisoned darts
Armour
 c - a +0 hat (worn)
 k - a +0 leather armour (worn)
 q - a scarf of invisibility (worn)
Jewellery
 g - a +4 ring of evasion (left hand)
Wands
 r - a wand of iceblast (10)
Scrolls
 b - 2 scrolls of identify {unknown}
 j - 2 scrolls of fear
 l - 3 scrolls of remove curse
 n - 2 scrolls of fog {unknown}
 o - 2 scrolls of amnesia {unknown}
 s - a scroll of enchant weapon {unknown}
Potions
 h - a potion of flight {unknown}
 m - 2 potions of heal wounds {unknown}
Comestibles
 f - 6 rations
 i - 6 chunks of flesh


   Skills:
 + Level 3.0 Fighting
 + Level 1.3(2.9) Short Blades
 - Level 4.4(4.5) Long Blades
 + Level 2.2 Throwing
 + Level 1.8 Armour
 * Level 4.5 Dodging
 + Level 0.1 Stealth


You had 3 spell levels left.
You didn't know any spells.
Your spell library was empty.

Dungeon Overview and Level Annotations

Branches:
Dungeon (3/15)

Altars:
Sif Muna


Innate Abilities, Weirdness & Mutations

You reflexively headbutt those who attack you in melee.
You have a pair of horns on your head.


Message History

* * * LOW HITPOINT WARNING * * *
You are too injured to fight recklessly!
You are too injured to fight recklessly!
The orc priest begins to cast a cantrip, but forgets the words!
The orc priest looks satisfied for a moment.
You hit the orc but do no damage. The orc completely misses you.
You closely miss the orc. The orc hits you but does no damage.
You barely miss the orc.
The orc priest looks encouraged for a moment.
You barely miss the orc. The orc hits you but does no damage.
The orc priest looks satisfied for a moment.
You hit the orc but do no damage. The orc completely misses you.
You hit the orc but do no damage. The orc hits you but does no damage.
You barely miss the orc. The orc hits you with a +0 club.
* * * LOW HITPOINT WARNING * * *
You barely miss the orc. You headbutt the orc!
You kill the orc!
The orc priest invokes the aid of Beogh against you.
Beogh smites you!
You die...

### #.#############
#.............#
#.###########.# #.# #.# #.#
#@#########
####.###########)#...)....
(....#.........oo#.#######
##.###....................
...###...........#.#######
##.#...######..#.#.######..
#.#.#>.................'.....
#.#.#.#####..#..#.######....
#.#.#.# #.......# ###...


You could see an orc priest and an orc.

Vanquished Creatures
  A hound zombie (D:3)
  4 adders
  An ooze (D:1)
  3 worms (D:2)
  A dart slug (D:3)
  A leopard gecko (D:2)
  3 orcs (D:3)
  4 bats
  4 giant cockroaches
  5 goblins
  7 hobgoblins
  7 jackals (D:3)
  4 kobolds
  A quokka (D:2)
  2 frilled lizards
  A jackal skeleton (D:3)
  8 rats
57 creatures vanquished.

Notes
Turn   | Place    | Note
-------+----------+-------------------------------------------
     0 | D:1      | hawla the Minotaur Gladiator began the quest for the Orb.
     0 | D:1      | Reached XP level 1. HP: 18/18 MP: 0/0
   173 | D:1      | Reached XP level 2. HP: 25/25 MP: 1/1
   833 | D:2      | Reached XP level 3. HP: 30/30 MP: 2/2
  1429 | D:2      | Found a shimmering blue altar of Sif Muna.
  1481 | D:3      | Reached XP level 4. HP: 37/37 MP: 3/3
  1514 | D:3      | Reached skill level 1 in Short Blades
  1667 | D:3      | Reached skill level 1 in Armour
  2198 | D:3      | Killed from afar by an orc priest

Illustrated notes

Levels and vault maps discovered:
D:1:      sevenhm_arrival_forest_fort_small_6, layout_basic,
          supply_closet_lemuel
D:2:      layout_basic, lemuel_coloured_pillars_altar
D:3:      layout_basic, first_ration, serial_park_tiny_1

Skill      XL: |  1  2  3  4 |
---------------+-------------+-----
Dodging        | 4 |  4.5
Long Blades    | 4 |  4.4
Fighting       | 3 |  3.0
Short Blades   | 1 |  1.3
Armour         | 1 |  1.8
Throwing       | |  2.2
Stealth        | |  0.1

Action                   |  1- 3 |  4- 6 || total
-------------------------+-------+-------++-------
Melee: Long sword        |     4 |       ||     4
       Headbutt          |    13 |    11 ||    24
       Dagger            |    73 |    85 ||   158
Throw: Throwing net      |       |     1 ||     1
  Use: Scroll            |     4 |       ||     4
 Stab: Sleeping          |     1 |       ||     1
  Eat: Chunk             |     2 |     2 ||     4
Armor: Leather armour    |    12 |    16 ||    28
Dodge: Dodged            |    53 |    60 ||   113
       Rpst.: Long sword |     1 |       ||     1
